 Dungeon Crawl Stone Soup version 0.31.0-4-g52a2dc7128 (webtiles) character file.

Game seed: 9913688202294851115

38 shadowrider38 the Magician (level 3, 0/27 HPs)
             Began as a Merfolk Earth Elementalist on Jan 21, 2024.
             Was a Follower of Lugonu.
             Slain by Sigmund
             ... wielding a +0 scythe of distortion
              (4 damage)
             ... on level 2 of the Dungeon.
             The game lasted 00:02:51 (1251 turns).

shadowrider38 the Magician (MfEE)                   Turns: 1251, Time: 00:02:52

Health: 0/27       AC:  2    Str:  8    XL:     3   Next: 43%
Magic:  3/7        EV: 12    Int: 16    God:    Lugonu [*.....]
Gold:   93         SH:  0    Dex: 14    Spells: 4/8 levels left

rFire   + . .        a - +0 short sword
rCold   . . .        (no shield)
rNeg    . . .        d - +0 robe
rPois   .            (no helmet)
rElec   .            (no cloak)
rCorr   .            (no gloves)
SInv    .            (no boots)
Will    .....        (no amulet)
Stlth   ++           f - ring of protection from fire
HPRegen 0.24/turn    (no ring)
MPRegen 0.10/turn

%: no passive effects
@: no status effects
A: (nimble swimmer 2), mertail
a: Renounce Religion, Depart the Abyss


You were on level 2 of the Dungeon.
You worshipped Lugonu.
Lugonu was aware of your devotion.
You visited 1 branch of the dungeon, and saw 2 of its levels.
You visited the Abyss 1 time.

You collected 93 gold pieces.

Inventory:

Hand Weapons
 a - a +0 short sword (weapon)
Missiles
 k - 7 poisoned darts
Armour
 d - a +0 robe (worn)
Jewellery
 f - a ring of protection from fire (left hand)
Scrolls
 g - a scroll of blinking {unknown}
 j - a scroll of immolation {unknown}
 l - a scroll of revelation {unknown}
 m - 3 scrolls of noise {unknown}
Potions
 c - a potion of brilliance
 e - a potion of berserk rage {unknown}
 h - a potion of ambrosia
 i - a potion of enlightenment {unknown}
 n - a potion of lignification {unknown}
 o - a potion of might {unknown}


   Skills:
 - Level 2.0 Fighting
 + Level 2.7 Dodging
 - Level 2.1 Stealth
 - Level 3.0 Spellcasting
 - Level 0.7 Conjurations
 - Level 2.4 Earth Magic


You had 4 spell levels left.
You knew the following spells:

 Your Spells              Type           Power      Damage    Failure   Level
a - Sandblast             Erth           20%        2d7       7%          1
b - Stone Arrow           Conj/Erth      14%        3d7       30%         3

Your spell library contained the following spells:

 Spells                   Type           Power      Damage    Failure   Level
 Passwall                 Erth           10%        N/A       22%         3
 Brom's Barrelling Bould  Conj/Erth      7%         2d3       69%         4
 Petrify                  Alch/Erth      6%         N/A       75%         4


Dungeon Overview and Level Annotations

Branches:
Dungeon (2/15) Zot: 10732

Altars:

Shops:
D:2 [

Annotations:
D:2 Sigmund


Innate Abilities, Weirdness & Mutations

((You are very nimble when in or above water. (Stealth+, EV+, Speed+++)))
Your lower body shifts to a powerful aquatic tail in water.


Message History

The puff of flame misses you.
Aiming: Sandblast (safe; 7% risk of failure)
Press: ? - help, Q - select action, (/) - cycle Shift-Dir - straight line, f/p - Sigmund
Aim: Sigmund, wielding a +0 scythe of distortion and wearing a +0 robe (moderately wounded, 80% to hit)
The blast of sand hits Sigmund.
Sigmund is heavily wounded.
Sigmund casts a spell at you. You resist with significant effort.
Aiming: Sandblast (safe; 7% risk of failure)
Press: ? - help, Q - select action, (/) - cycle Shift-Dir - straight line, f/p - Sigmund
Aim: Sigmund, wielding a +0 scythe of distortion and wearing a +0 robe (heavily wounded, 80% to hit)
The blast of sand hits Sigmund but does no damage.
Sigmund is heavily wounded.
Sigmund casts a spell at you. The magic dart hits you.
* * * LOW HITPOINT WARNING * * *
Sigmund barely misses you. Magic courses through your body.
Aiming: Sandblast (safe; 7% risk of failure)
Press: ? - help, Q - select action, (/) - cycle Shift-Dir - straight line, f/p - Sigmund
Aim: Sigmund, wielding a +0 scythe of distortion and wearing a +0 robe (heavily wounded, 80% to hit)
The blast of sand hits Sigmund.
Sigmund is heavily wounded.
Sigmund barely misses you.
Aiming: Sandblast (safe; 7% risk of failure)
Press: ? - help, Q - select action, (/) - cycle Shift-Dir - straight line, f/p - Sigmund
Aim: Sigmund, wielding a +0 scythe of distortion and wearing a +0 robe (heavily wounded, 80% to hit)
The blast of sand hits Sigmund.
Sigmund is severely wounded.
Sigmund barely misses you.
Aiming: Sandblast (safe; 7% risk of failure)
Press: ? - help, Q - select action, (/) - cycle Shift-Dir - straight line, f/p - Sigmund
Aim: Sigmund, wielding a +0 scythe of distortion and wearing a +0 robe (severely wounded, 80% to hit)
The blast of sand misses Sigmund.
Sigmund misses you.
Aiming: Sandblast (safe; 7% risk of failure)
Press: ? - help, Q - select action, (/) - cycle Shift-Dir - straight line, f/p - Sigmund
Aim: Sigmund, wielding a +0 scythe of distortion and wearing a +0 robe (severely wounded, 80% to hit)
The blast of sand hits Sigmund!
Sigmund is almost dead.
Sigmund hits you but does no damage.
Aiming: Sandblast (safe; 7% risk of failure)
Press: ? - help, Q - select action, (/) - cycle Shift-Dir - straight line, f/p - Sigmund
Aim: Sigmund, wielding a +0 scythe of distortion and wearing a +0 robe (almost dead, 80% to hit)
The blast of sand misses Sigmund.
Sigmund hits you from afar with a +0 scythe of distortion.
* * * LOW HITPOINT WARNING * * *
Space warps around you.
You die...
Sigmund begins carving another notch in his scythe.

#........<...# #.......
............## #.......
#.........# #....... #.........#
##.[..... ..###.........#
#..#..... ............<....#####
#.###.... .#.......####..@.# ##.#
##### ........####†...######..#
#.............@.##.....##
##.......####....#..############
.... #............## #.......#
#@###.#####.....## #.......#
#..##.# #.....######.......# .
##..#.#####..).....>.#.......#
...###.#.)..†.........>.........#
........∩.###############.......#
...###.#.### #.......#


You could see Sigmund.

Vanquished Creatures
  2 dart slugs (D:1)
  A ribbon worm (D:2)
  3 ball pythons
  2 endoplasms
  A giant cockroach (D:2)
  2 goblins (D:1)
  5 hobgoblins
  5 jackals (D:1)
  5 kobolds
  2 rats (D:1)
28 creatures vanquished.

Notes
Turn   | Place    | Note
-------+----------+-------------------------------------------
     0 | D:1      | shadowrider38 the Merfolk Earth Elementalist began the
                  | quest for the Orb.
     0 | D:1      | Reached XP level 1. HP: 13/13 MP: 3/3
   202 | D:1      | Reached XP level 2. HP: 22/22 MP: 3/5
   622 | D:1      | Reached XP level 3. HP: 27/27 MP: 4/6
  1139 | D:2      | Found Icvunoas's Armour Emporium.
  1156 | D:2      | Reached skill level 3 in Spellcasting
  1203 | D:2      | Noticed Sigmund
  1224 | D:2      | Learned a level 3 spell: Stone Arrow
  1230 | Abyss:1  | Found a corrupted altar of Lugonu.
  1230 | Abyss:1  | Cast into level 1 of the Abyss (Sigmund)
  1238 | Abyss:1  | Became a worshipper of Lugonu the Unformed
  1238 | Abyss:1  | Reached * piety under Lugonu
  1238 | Abyss:1  | Reached ** piety under Lugonu
  1239 | D:2      | Escaped the Abyss
  1251 | D:2      | Slain by Sigmund

Illustrated notes

Levels and vault maps discovered:
D:1:      minmay_arrival_four_circles, layout_loops_ring
D:2:      layout_rooms, serial_shops, shop, shop, nicolae_shop_window_shopping,
          basic_ecumenical_altar, uniq_sigmund, uniq_terence

Skill      XL: |  1  2  3 |
---------------+----------+-----
Fighting       | 1 2 |  2.0
Spellcasting   | 3 |  3.0
Dodging        | |  2.7
Stealth        | |  2.1
Conjurations   | |  0.7
Earth Magic    | |  2.4

Action                     || total
---------------------------++-------
  Melee: Short sword       ||    13
   Cast: Sandblast         ||    52
 Invoke: Depart the Abyss  ||     1
    Use: Scroll            ||     2
         Potion            ||     1
 Armour: Robe              ||    19
  Dodge: Dodged            ||    26
